 Dungeon Crawl Stone Soup version 0.19.0 (webtiles) character file.

599 Danakh the Chopper (level 7, 0/61 HPs)
             Began as a Minotaur Fighter on Nov 6, 2016.
             Killed by vampiric draining
             ... invoked by dsb250's ghost
              (9 damage)
             ... on level 4 of the Dungeon.
             The game lasted 00:05:15 (2772 turns).

Danakh the Chopper (Minotaur Fighter)               Turns: 2772, Time: 00:05:15

Health: 0/61       AC: 16    Str: 22    XL:     7   Next: 17%
Magic:  6/6        EV:  4    Int:  5    God:
Gold:   228        SH: 10    Dex: 10    Spells: 0 memorised, 6 levels left

rFire  . . .     SeeInvis .     a - +0 war axe
rCold  . . .     Gourm    .     u - +0 plate armour
rNeg   . . .     Faith    .     c - +0 shield
rPois  .         Spirit   .     (helmet restricted)
rElec  .         Reflect  .     (no cloak)
rCorr  .         Harm     .     x - +1 pair of gloves
MR     .....                    (no boots)
Stlth  ..........               (no amulet)
                                (no ring)
                                t - +2 ring of protection

@: no status effects
A: retaliatory headbutt, horns 2
a: no special abilities


You were on level 4 of the Dungeon.
You were not hungry.

You visited 1 branch of the dungeon, and saw 4 of its levels.

You collected 228 gold pieces.

Inventory:

Hand Weapons
 a - a +0 war axe (weapon)
Armour
 b - a +0 scale mail
 c - a +0 shield (worn)
 u - a +0 plate armour (worn)
 x - a +1 pair of gloves (worn)
Jewellery
 t - a +2 ring of protection (left hand)
Wands
 A - a wand of hasting (0/9)
Scrolls
 e - 3 scrolls of magic mapping {unknown}
 g - a scroll of amnesia {unknown}
 k - a scroll of random uselessness {unknown}
 l - 4 scrolls of remove curse {unknown}
 m - 4 scrolls of teleportation {unknown}
 q - a scroll of recharging {unknown}
 r - 2 scrolls of identify {unknown}
 w - a scroll of enchant weapon {unknown}
 y - a scroll of fog {unknown}
 z - a scroll of immolation {unknown}
Potions
 d - 2 potions of might
 i - 3 potions of beneficial mutation {unknown}
 j - 2 potions of brilliance {unknown}
 n - 3 potions of degeneration {unknown}
 o - a potion of ambrosia {unknown}
 s - a potion of flight {unknown}
Comestibles
 f - 3 bread rations
 h - 4 meat rations
 p - 2 beef jerkies
 v - a royal jelly
 B - 2 chunks of flesh


   Skills:
 + Level 5.5 Fighting
 * Level 6.1 Axes
 + Level 5.5 Armour
 + Level 5.6 Shields


You had 6 spell levels left.
You didn't know any spells.

Dungeon Overview and Level Annotations

Branches:
Dungeon (4/15)
 Temple: D:4-7

Altars:

Annotations:
D:4 dsb250's ghost, novice DDNe


Innate Abilities, Weirdness & Mutations

You reflexively headbutt those who attack you in melee.
You have a pair of horns on your head.


Message History

Dsb250's ghost is severely damaged.
Dsb250's ghost hits you but does no damage.
You hit dsb250's ghost but do no damage.
You headbutt dsb250's ghost.
Dsb250's ghost is severely damaged.
Dsb250's ghost is infused with unholy energy.
* * * LOW HITPOINT WARNING * * *
Dsb250's ghost draws life force from you and is healed!
You block dsb250's ghost's attack.
Your shield and plate armour prevent you from hitting dsb250's ghost.
Dsb250's ghost is severely damaged.
Dsb250's ghost hits you.
* * * LOW HITPOINT WARNING * * *
x2 Your plate armour prevents you from hitting dsb250's ghost.
Dsb250's ghost is severely damaged.
You block dsb250's ghost's attack.
You barely miss dsb250's ghost.
Dsb250's ghost is severely damaged.
Dsb250's ghost is infused with unholy energy.
You die...

##########
#....^....
#.######## #.#
#.# ######.#
#...##.#
#..))..#
#..@#### ##W##
#####.########
#.............
#.##..####....
#.##.>###### .
#.##.......#
#.##.#####.#
#.##.#


You could see dsb250's ghost.

Vanquished Creatures
  Sigmund (D:3)
  Duvessa (D:4)
  An ice beast (D:3)
  Dowan (D:4)
  An orc priest (D:3)
  An orc wizard (D:3)
  A worker ant (D:4)
  An adder (D:3)
  3 gnolls (D:4)
  A worm (D:2)
  2 dart slugs
  3 leopard geckos
  7 orcs (D:3)
  3 giant cockroaches
  10 goblins
  7 hobgoblins
  A quokka (D:2)
  A ball python (D:3)
  12 bats
  3 frilled lizards
  9 kobolds
  5 rats
75 creatures vanquished.

Notes
Turn   | Place    | Note
-------+----------+-------------------------------------------
     0 | D:1      | Danakh the Minotaur Fighter began the quest for the Orb.
     0 | D:1      | Reached XP level 1. HP: 19/19 MP: 0/0
   142 | D:1      | Reached XP level 2. HP: 27/27 MP: 1/1
   394 | D:1      | Reached skill level 3 in Axes
   711 | D:2      | Reached XP level 3. HP: 33/33 MP: 2/2
  1405 | D:3      | Reached XP level 4. HP: 21/41 MP: 3/3
  1409 | D:3      | Reached skill level 4 in Axes
  1589 | D:3      | Reached XP level 5. HP: 44/47 MP: 4/4
  1688 | D:3      | Noticed an ice beast
  1698 | D:3      | Killed an ice beast
  1698 | D:3      | Reached skill level 5 in Armour
  1993 | D:3      | Noticed Sigmund
  2184 | D:3      | Killed Sigmund
  2184 | D:3      | Reached skill level 5 in Fighting
  2184 | D:3      | Reached skill level 5 in Axes
  2184 | D:3      | Reached skill level 5 in Shields
  2184 | D:3      | Reached XP level 6. HP: 55/56 MP: 5/5
  2720 | D:4      | Noticed Dowan
  2722 | D:4      | Noticed Duvessa
  2731 | D:4      | Killed Dowan
  2736 | D:4      | Killed Duvessa
  2736 | D:4      | Reached skill level 6 in Axes
  2736 | D:4      | Reached XP level 7. HP: 43/61 MP: 6/6
  2757 | D:4      | Noticed dsb250's ghost (novice DDNe)
  2772 | D:4      | Killed from afar by dsb250's ghost

Skill      XL: |  1  2  3  4  5  6 |
---------------+-------------------+-----
Armour         | 4 5 |  5.5
Fighting       | 4 5 |  5.5
Axes           | 3 4 5 6 |  6.1
Shields        | 4 5 |  5.6

Action                   |  1- 3 |  4- 6 |  7- 9 || total
-------------------------+-------+-------+-------++-------
Melee: War axe           |   122 |    83 |    15 ||   220
       Headbutt          |    17 |    13 |     3 ||    33
  Eat: Chunk             |     2 |     4 |       ||     6
Armor: Scale mail        |    33 |       |       ||    33
       Plate armour      |    11 |    51 |     7 ||    69
Dodge: Dodged            |    32 |    11 |     1 ||    44
Block: Shield            |    69 |    45 |     3 ||   117
